 Dungeon Crawl Stone Soup version 0.01-2115-ge649c80b0b (webtiles) character file.

Game seed: 12805216952813343277, levelgen mode: deterministic

91 Lanoc the Chopper (level 4, -3/38 HPs) Hill Orc Demonspawn. Began on June 11, 2020. Slain by a sewer rat (8 damage) ... on level 2 of the Dungeon. The game lasted 00:01:21 (436 turns).

Lanoc the Chopper (Hill Orc Demonspawn)              Turns: 436, Time: 00:01:22

Health: -3/38      AC:  2    Str: 17    XL:     4 ^: 35
Magic:  4/6        EV:  8    Int: 12    God:
Gold:   4          SH:  0    Dex: 10    Spells: 5/6 levels left

rFire    . . .     Vision   .   a - +0 war axe
rCold    . . .     Gourm    .   (no weapon)
rNeg     . . .     Faith    .   c - +0 plate armour
rPois    .         Spirit   .   (no helmet)
rElec    .         Reflect  .   (no cloak)
rCorr    .         Harm     .   (no gloves)
MR       .....                  (no boots)
Stlth    ..........             (no amulet)
HPRegen  0.22/turn              (no ring)
MPRegen  0.16/turn              (no ring)

@: corroded, very slightly contaminated
A: rot immunity
a: no special abilities


You were on level 2 of the Dungeon.
You were not hungry.

You visited 1 branch of the dungeon, and saw 2 of its levels.

You collected 4 gold pieces.

Inventory:

Weapons
 a - a +0 war axe (weapon)
Armour
 c - a +0 plate armour (worn)
Scrolls
 b - 2 scrolls of enchantment
 e - a scroll of fear
Comestibles
 d - 3 rations


   Skills:
 + Level 3.2 Fighting
 * Level 4.2 Axes & Hammers
 + Level 1.2 Armour
 + Level 2.8 Dodging
 - Level 1.5 Stealth
 - Level 1.5 Spellcasting
   Level 3.6 Invocations


You had 5 spell levels left.
You knew the following spells:

 Your Spells              Type           Power        Failure   Level  Hunger
a - Flame Tongue          Fire           0 (40)       91%         1    ##.....

Your spell library contained the following spells:

 Spells                   Type           Power        Failure   Level  Hunger
 Blink                    Tloc           N/A          97%         2    ###....
 Call Imp                 Summ           0 (100)      97%         2    ###....
 Slow                     Hex            0 (100)      97%         2    ###....
 Conjure Flame            Fire           0 (100)      100%        3    ####...
 Mephitic Cloud           Pois/Air       0 (100)      100%        3    ####...


Dungeon Overview and Level Annotations

Branches:
Dungeon (2/8)

Altars:


Innate Abilities, Weirdness & Mutations

You are immune to rotting.


Message History

You hit the jelly (1). The acid corrodes you!
Your hands burn!
The jelly is almost dead. (3/15) HP You hit the jelly (1).
Your hands burn!
The jelly is almost dead. (2/15) HP The jelly closely misses you (0).
You hit the jelly but do no damage. The acid corrodes you!
Your hands burn!
The jelly is almost dead. (2/15) HP You hit the jelly but do no damage.
Your hands burn!
The jelly is almost dead. (2/15) HP The jelly hits you (2).
The acid corrodes you!
You are splashed with acid (9)!
* * * LOW HITPOINT WARNING * * *
You hit the jelly (4).
You kill the jelly!
You enter the shallow water.
Moving in this stuff is going to be slow.
The sewer rat bites you (3).
* * * LOW HITPOINT WARNING * * *
There is a stone staircase leading up here.
The sewer rat bites you (8)!
You die... ..≈≈≈≈..##..# #.≈≈≈≈..≈≈.J≈ #.≈≈≈≈.# rr#

#≈≈≈≈≈.# #≈# #≈≈≈≈≈≈#
#S# #≈≈≈≈≈≈# #≈##
#≈≈≈≈≈≈# ##†### #
#<≈≈≈≈.# #.##≈## #
#......# ##≈r@≈####
###.≈≈.≈≈# #####..≈#
.##≈≈≈≈≈≈######≈≈#≈..##
...≈≈≈≈≈..##≈≈≈.....≈≈#
#.#.≈≈≈≈..≈##.###≈≈#≈##
##≈≈≈≈≈≈.#≈.≈## ######
#.#≈PPPPP#####
###≈≈PPPP# #####


You could see a sewer rat.

Vanquished Creatures
  A jelly (D:2)
  2 sewer rats (D:2)
  A cinder newt (D:1)
  An ooze (D:1)
  A dart slug (D:1)
  2 leopard geckos (D:1)
  A ball python (D:2)
  4 bats (D:1)
  2 giant cockroaches (D:1)
  5 goblins (D:1)
  2 hobgoblins (D:1)
  2 kobolds (D:1)
  4 rats (D:1)
28 creatures vanquished.

Notes
Turn   | Place    | Note
-------+----------+-------------------------------------------
     0 | D:1      | Lanoc the Hill Orc Demonspawn began the quest for the Orb.
     0 | D:1      | Reached XP level 1. HP: 18/18 MP: 3/3
     5 | D:1      | Reached skill level 3 in Axes & Hammers
     5 | D:1      | Gained mutation: You are immune to rotting. [demonic
                  | ancestry]
     5 | D:1      | Reached XP level 2. HP: 23/25 MP: 4/4
   168 | D:1      | Reached XP level 3. HP: 30/30 MP: 5/5
   422 | D:2      | Reached skill level 1 in Armour
   427 | D:2      | Reached skill level 4 in Axes & Hammers
   427 | D:2      | Reached XP level 4. HP: 34/38 MP: 2/6
   436 | D:2      | Slain by a sewer rat

Levels and vault maps discovered:
D:1:      scummos_arrival_simple_fountains, layout_loops_ring
D:2:      layout_sewer, grunt_temple_overflow_open, grunt_dithmenos_shadows,
          first_ration

Skill      XL: |  1  2  3 |
---------------+----------+-----
Axes & Hammers | 3 4 |  4.2
Fighting       | 3 |  3.2
Armour         | 1 |  1.2
Dodging        | |  2.8
Stealth        | |  1.5
Spellcasting   | |  1.5
Invocations    | |  3.6

Action                   |  1- 3 |  4- 6 || total
-------------------------+-------+-------++-------
Melee: War axe           |    74 |     5 ||    79
       Unarmed           |    53 |     4 ||    57
Armor: Leather armour    |     4 |       ||     4
       Plate armour      |    53 |     2 ||    55
Dodge: Dodged            |    62 |     2 ||    64
